 Dungeon Crawl Stone Soup version 0.30-a0-29-g142975f185 (webtiles) character file.

Game seed: 6799564036901624416

28 MudFish the Insei (level 3, -4/23 HPs)
             Began as an Octopode Transmuter on Aug 26, 2022.
             Was a Believer of Lugonu.
             Constricted to death by Terence (7 damage)
             ... on level 2 of the Dungeon.
             The game lasted 00:02:33 (1133 turns).

MudFish the Insei (Octopode Transmuter)             Turns: 1133, Time: 00:02:33

Health: -4/23      AC:  1    Str:  9    XL:     3   Next: 14%
Magic:  6/6        EV: 10    Int: 17    God:    Lugonu [**....]
Gold:   99         SH:  0    Dex: 12    Spells: 3/6 levels left

rFire   . . .      SeeInvis .      - Unarmed
rCold   . . .      Faith    .    (no shield)
rNeg    . . .      Spirit   .    (helmet currently unavailable)
rPois   .          Reflect  .    (no amulet)
rElec   .          Harm     .    (no ring)
rCorr   .          Rampage  .    (no ring)
Will    .....                    (no ring)
Stlth   +++.......               (no ring)
HPRegen 0.07/turn                (no ring)
MPRegen 0.10/turn                (no ring)
                                 (no ring)
                                 (no ring)

@: lethally poisoned (-4 -> -12), appendages (expiring), grasped by roots,
constricted
A: tentacle spike 3, almost no armour, amphibious, 8 rings, camouflage 1,
gelatinous body 1, (nimble swimmer 1), tentacles
a: End Transformation, Renounce Religion, Depart the Abyss, Bend Space


You were on level 2 of the Dungeon.
You worshipped Lugonu.
Lugonu was pleased with you.
One of your tentacles had grown a beastly spike.
You visited 1 branch of the dungeon, and saw 2 of its levels.

You collected 99 gold pieces.

Inventory:

Scrolls
 b - a scroll of torment {unknown}
 d - a scroll of noise {unknown}
 f - a scroll of teleportation {unknown}
 g - a scroll of vulnerability {unknown}
 i - a scroll of identify {unknown}
 m - a scroll of poison {unknown}
Potions
 a - a potion of lignification
 c - 2 potions of heal wounds
 e - a potion of attraction {unknown}
 h - a potion of curing {unknown}
 j - a potion of flight {unknown}
 k - a potion of brilliance {unknown}
 l - a potion of ambrosia {unknown}


   Skills:
 - Level 1.0 Fighting
 + Level 2.3 Dodging
 * Level 2.3 Stealth
 * Level 3.5 Unarmed Combat
 - Level 2.0 Spellcasting
 - Level 2.0 Transmutations


You had 3 spell levels left.
You knew the following spells:

 Your Spells              Type           Power      Damage    Failure   Level
a - Beastly Appendage     Tmut           16%        N/A       9%          1
b - Wereblood             Tmut           8%         N/A       13%         2

Your spell library contained the following spells:

 Spells                   Type           Power      Damage    Failure   Level
 Spider Form              Tmut/Pois      5%         N/A       36%         3
 Ice Form                 Ice/Tmut       5%         N/A       77%         4


Dungeon Overview and Level Annotations

Branches:
Dungeon (2/15)

Altars:
Lugonu

Shops:
D:1 [

Annotations:
D:2 Terence


Innate Abilities, Weirdness & Mutations

One of your tentacles has grown a beastly spike.
You cannot wear most types of armour.
You are amphibious.
You can wear up to eight rings at the same time.
Your skin changes colour to match your surroundings (Stealth+).
Your rubbery body absorbs attacks. (AC +1, EV +1)
((You are camouflaged when in or above water. (Stealth+)))
You have tentacles for arms and can constrict up to eight enemies at once.


Message History

Confirm with . or Enter, or press ? or * to list all spells.
One of your tentacles grows a vicious spike.
An adder comes into view.
Terence the Incautious comes into view.
He is wielding a +0 trident and carrying a wand of roots (6).
Found a leather armour.
The helpless Terence fails to defend himself.
You tentacle-slap Terence but do no damage.
Your grab misses Terence.
You pierce Terence.
You squeeze Terence, but do no damage.
Terence is lightly wounded.
Terence hits you with a +0 trident.
You barely miss Terence. You grab Terence. You squeeze Terence!
Terence is heavily wounded.
You constrict Terence, but do no damage.
You tentacle-slap Terence but do no damage.
Terence is heavily wounded.
Your transformation is almost over.
You constrict Terence.
Terence zaps a wand.
The roots erupt in riotous growth!
The grasping roots grab you!
Terence is unaffected.
The grasping roots constrict you.
The adder hisses angrily.
It was a potion of heal wounds.
You feel much better.
You constrict Terence, but do no damage.
Terence closely misses you. The grasping roots constrict you.
You escape the roots grasp.
You release your grip on Terence.
Terence zaps a wand.
The roots erupt in riotous growth!
The grasping roots grab you!
Terence is unaffected.
The grasping roots constrict you.
You tentacle-slap Terence. Your grab misses Terence.
You squeeze Terence, but do no damage.
Terence is heavily wounded.
Terence drinks a potion.
Terence flickers and vanishes!
Deactivating autopickup; reactivate with Ctrl-A.
You are constricted.
You closely miss something. The adder bites you.
You are poisoned.
The adder poisons you! Something hits you!
* * * LOW HITPOINT WARNING * * *
You are constricted!
You die...

...#..# .... ........
..##..# #.#.####.#....
####..# #.#.#..#.#....
...# #.#....#.#.... #.#
#.#....#.#....
########.#....#......
.........###..#.##...
#########.......>..##...
......{@#.######.#.##...
..#####S#.#........##.##
.......l..#.####.####.#
..........# #.####.#
............ #......#
.............. #......#
...............#......#
...............##.....#
.[....................#


You could see an adder and a frilled lizard.

Vanquished Creatures
  A worm (D:2)
  2 dart slugs
  4 ball pythons
  2 endoplasms
  2 goblins (D:1)
  2 hobgoblins (D:1)
  2 bats (D:2)
  A frilled lizard (D:2)
  2 kobolds (D:1)
  3 rats (D:1)
21 creatures vanquished.

Notes
Turn   | Place    | Note
-------+----------+-------------------------------------------
     0 | D:1      | MudFish the Octopode Transmuter began the quest for the
                  | Orb.
     0 | D:1      | Reached XP level 1. HP: 13/13 MP: 3/3
    95 | D:1      | Reached skill level 1 in Stealth
   182 | D:1      | Reached XP level 2. HP: 17/18 MP: 3/5
   478 | D:1      | Found Yryidu's Antique Armour Shop.
   798 | D:1      | Found a faded altar of an unknown god.
   821 | D:1      | Prayed at the altar of an unknown god.
   821 | D:1      | Became a worshipper of Lugonu the Unformed
   821 | D:1      | Reached * piety under Lugonu
   821 | D:1      | Reached ** piety under Lugonu
  1015 | D:2      | Learned a level 2 spell: Wereblood
  1027 | D:2      | Reached XP level 3. HP: 23/23 MP: 2/6
  1125 | D:2      | Noticed Terence
  1133 | D:2      | Constricted to death by Terence

Illustrated notes

Levels and vault maps discovered:
D:1:      dpeg_arrival_rhombus, layout_basic, serial_shops, shop,
          basic_ecumenical_altar
D:2:      minmay_chambers_of_ones, layout_basic, uniq_crazy_yiuf_cottage,
          uniq_terence

Skill      XL: |  1  2 |
---------------+-------+-----
Stealth        | 1 2 |  2.3
Fighting       | |  1.0
Dodging        | |  2.3
Unarmed Combat | |  3.5
Spellcasting   | |  2.0
Transmutations | |  2.0

Action                   || total
-------------------------++-------
Melee: Unarmed           ||    45
       Kick              ||    15
       Constrict         ||    11
       Tentacles         ||     9
 Cast: Beastly Appendage ||    20
       Wereblood         ||     1
  Use: Potion            ||     1
 Stab: Sleeping          ||     7
Armor: Skin              ||     2
Dodge: Dodged            ||    34

Table legend: (Time is in decaauts)
 A = Elapsed time spent in this place.
 B = Non-inter-level travel time spent in this place.
 C = Inter-level travel time spent in this place.
 D = Time resting spent in this place.
 E = Time spent auto-exploring this place.
 F = Levels seen in this place.
 G = Mean time per level.
                   A        B        C        D        E       F      G
               +--------+--------+--------+--------+--------+-----+--------+
         Total |   1130 |   1106 |     24 |      0 |    886 |   2 |  565.0 |
       Dungeon |   1130 |   1106 |     24 |      0 |    886 |   2 |  565.0 |
               +--------+--------+--------+--------+--------+-----+--------+

Top non-repeatable levels by time:
     D:1: 843 daAuts
     D:2: 286 daAuts
